Workbook

Sheet 工资汇总表
A2: 基本信息 | H2: 其他项核算 | N2: 应发核算 | R2: 社保、公积金及个税 | Y2: 实发总额 | Z2: 备注
A3: 单位名称 | B3: 月末人数 | C3: 月工资标准 | D3: 应出勤天数 | E3: 基本薪资 | F3: 绩效奖金 | G3: 年度奖金 | H3: 加班工资 | I3: 绩效考核 | J3: 假期工资 | K3: 其他 | L3: 佣金 | M3: 小计 | N3: 当月日均工资 | O3: 当月日均奖金 | P3: 实际出勤天数 | Q3: 应发总额 | R3: 养老金 | S3: 失业金 | T3: 医疗金 | U3: 大额医疗保险 | V3: 公积金 | W3: 税金 | X3: 小计
A4: 新疆通力房地产开发有限公司库尔勒二分公司 | B4: =工资表!A21 -> 18 | C4: =工资表!E22 -> 155800 | E4: =工资表!G22 -> 99620 | F4: =工资表!H22 -> 45980 | G4: =工资表!I22 -> 10200 | H4: =工资表!J22 -> 0 | I4: =工资表!K22 -> -6269 | K4: =工资表!M22 -> 4960 | L4: =工资表!N22 -> 0 | M4: =工资表!O22 -> -1309 | N4: =工资表!P22 -> 0 | O4: =工资表!Q22 -> 0 | Q4: =工资表!S22 -> 144291 | R4: =工资表!T22 -> 6082.8 | S4: =工资表!U22 -> 380.25 | T4: =工资表!V22 -> 1520.7 | U4: =工资表!W22 -> 321.03 | V4: =工资表!X22 -> 3950 | W4: =工资表!Y22 -> 2433.9 | X4: =工资表!Z22 -> 14688.68 | Y4: =工资表!AA22 -> 129602.32

Sheet 工资表
A1: 新疆通力房地产开发有限公司库尔勒二分公司2026年5月工资表
A2: 序号 | B2: 基本信息 | J2: 其他项核算 | P2: 应发核算 | T2: 社保、公积金及个税 | AA2: 实发总额 | AB2: 备注
B3: 姓名 | C3: 岗位 | D3: 职务序列 | E3: 月工资标准 | F3: 应出勤 天数 | G3: 基本薪资 | H3: 绩效奖金 | I3: 年度奖金 | J3: 加班工资 | K3: 绩效考核 | L3: 假期工资 | M3: 其他 | N3: 佣金 | O3: 小计 | P3: 当月日均工资 | Q3: 当月日均奖金 | R3: 实际出勤天数 | S3: 应发总额 | T3: 养老金 | U3: 失业金 | V3: 医疗金 | W3: 大额医疗保险 | X3: 公积金 | Y3: 税金 | Z3: 小计
A4: 1 | B4: 李全伟 | C4: 业务支持中心副总经理 | D4: M1 | E4: 30000 | F4: 16 | G4: =E4*VLOOKUP(D4,职务序列取数!B:E,2,0) -> 15300 | H4: =E4*VLOOKUP(D4,职务序列取数!B:E,3,0) -> 10200 | I4: =E4*VLOOKUP(D4,职务序列取数!B:E,4,0) -> 4500 | K4: -5069 | O4: =SUM(J4:N4) -> -5069 | P4: =G4/F4 -> 956.25 | Q4: =H4/F4 -> 637.5 | R4: =VLOOKUP(B4,考勤!B:AI,34,0) -> 16 | S4: =(P4*R4)+(Q4*R4)+O4 -> 20431 | T4: =405.52 -> 405.52 | U4: 25.35 | V4: =101.38 -> 101.38 | W4: 21.12 | X4: 350 | Z4: =SUM(T4:Y4) -> 903.37 | AA4: =S4-Z4 -> 19527.63
A5: 2 | B5: 杨文杰 | C5: 工程管理部副经理 | D5: M2 | E5: 20000 | F5: 16 | G5: =E5*VLOOKUP(D5,职务序列取数!B:E,2,0) -> 10200 | H5: =E5*VLOOKUP(D5,职务序列取数!B:E,3,0) -> 6800 | I5: =E5*VLOOKUP(D5,职务序列取数!B:E,4,0) -> 3000 | M5: -20 | O5: =SUM(J5:N5) -> -20 | P5: =G5/F5 -> 637.5 | Q5: =H5/F5 -> 425 | R5: =VLOOKUP(B5,考勤!B:AI,34,0) -> 16 | S5: =(P5*R5)+(Q5*R5)+O5 -> 16980 | T5: =405.52 -> 405.52 | U5: 25.35 | V5: 101.38 | W5: 21.12 | X5: =350 -> 350 | Y5: 1107.66 | Z5: =SUM(T5:Y5) -> 2011.03 | AA5: =S5-Z5 -> 14968.97 | AB5: 未打卡一次
A6: 3 | B6: 徐惠蓉 | C6: 投资开发部副经理 | D6: M2 | E6: 18000 | F6: 16 | G6: =E6*VLOOKUP(D6,职务序列取数!B:E,2,0) -> 9180 | H6: =E6*VLOOKUP(D6,职务序列取数!B:E,3,0) -> 6120 | I6: =E6*VLOOKUP(D6,职务序列取数!B:E,4,0) -> 2700 | M6: =300-40 -> 260 | O6: =SUM(J6:N6) -> 260 | P6: =G6/F6 -> 573.75 | Q6: =H6/F6 -> 382.5 | R6: =VLOOKUP(B6,考勤!B:AI,34,0) -> 16 | S6: =(P6*R6)+(Q6*R6)+O6 -> 15560 | Y6: 1056 | Z6: =SUM(T6:Y6) -> 1056 | AA6: =S6-Z6 -> 14504 | AB6: 未打卡二次
A7: 4 | B7: 沈陈瑾慧 | C7: 会计 | D7: PB | E7: 7000 | F7: 16 | G7: =E7*VLOOKUP(D7,职务序列取数!B:E,2,0) -> 5600 | H7: =E7*VLOOKUP(D7,职务序列取数!B:E,3,0) -> 1400 | I7: =E7*VLOOKUP(D7,职务序列取数!B:E,4,0) -> 0 | O7: =SUM(J7:N7) -> 0 | P7: =G7/F7 -> 350 | Q7: =H7/F7 -> 87.5 | R7: =VLOOKUP(B7,考勤!B:AI,34,0) -> 16 | S7: =(P7*R7)+(Q7*R7)+O7 -> 7000 | T7: =405.52 -> 405.52 | U7: =25.35 -> 25.35 | V7: =101.38 -> 101.38 | W7: =21.12 -> 21.12 | X7: =250 -> 250 | Z7: =SUM(T7:Y7) -> 803.37 | AA7: =S7-Z7 -> 6196.63
A8: 5 | B8: 管丽萍 | C8: 人事运营 | D8: PB | E8: 6000 | F8: 16 | G8: =E8*VLOOKUP(D8,职务序列取数!B:E,2,0) -> 4800 | H8: =E8*VLOOKUP(D8,职务序列取数!B:E,3,0) -> 1200 | I8: =E8*VLOOKUP(D8,职务序列取数!B:E,4,0) -> 0 | M8: 700 | O8: =SUM(J8:N8) -> 700 | P8: =G8/F8 -> 300 | Q8: =H8/F8 -> 75 | R8: =VLOOKUP(B8,考勤!B:AI,34,0) -> 16 | S8: =(P8*R8)+(Q8*R8)+O8 -> 6700 | T8: =405.52 -> 405.52 | U8: 25.35 | V8: 101.38 | W8: 21.12 | X8: 250 | Z8: =SUM(T8:Y8) -> 803.37 | AA8: =S8-Z8 -> 5896.63
A9: 6 | B9: 刘科 | C9: 招采工程师 | D9: PB | E9: 7500 | F9: 16 | G9: =E9*VLOOKUP(D9,职务序列取数!B:E,2,0) -> 6000 | H9: =E9*VLOOKUP(D9,职务序列取数!B:E,3,0) -> 1500 | I9: =E9*VLOOKUP(D9,职务序列取数!B:E,4,0) -> 0 | M9: -40 | O9: =SUM(J9:N9) -> -40 | P9: =G9/F9 -> 375 | Q9: =H9/F9 -> 93.75 | R9: =VLOOKUP(B9,考勤!B:AI,34,0) -> 16 | S9: =(P9*R9)+(Q9*R9)+O9 -> 7460 | T9: =405.52 -> 405.52 | U9: 25.35 | V9: 101.38 | W9: 21.12 | X9: 250 | Z9: =SUM(T9:Y9) -> 803.37 | AA9: =S9-Z9 -> 6656.63 | AB9: 迟到两次
A10: 7 | B10: 高建梅 | C10: 出纳 | D10: PB | E10: 6500 | F10: 16 | G10: =E10*VLOOKUP(D10,职务序列取数!B:E,2,0) -> 5200 | H10: =E10*VLOOKUP(D10,职务序列取数!B:E,3,0) -> 1300 | I10: =E10*VLOOKUP(D10,职务序列取数!B:E,4,0) -> 0 | M10: 100 | O10: =SUM(J10:N10) -> 100 | P10: =G10/F10 -> 325 | Q10: =H10/F10 -> 81.25 | R10: =VLOOKUP(B10,考勤!B:AI,34,0) -> 16 | S10: =(P10*R10)+(Q10*R10)+O10 -> 6600 | T10: =405.52 -> 405.52 | U10: 25.35 | V10: 101.38 | W10: 21.12 | X10: 250 | Z10: =SUM(T10:Y10) -> 803.37 | AA10: =S10-Z10 -> 5796.63
A11: 8 | B11: 周佳奇 | C11: 造价工程师 | D11: PB | E11: 7800 | F11: 16 | G11: =E11*VLOOKUP(D11,职务序列取数!B:E,2,0) -> 6240 | H11: =E11*VLOOKUP(D11,职务序列取数!B:E,3,0) -> 1560 | I11: 0 | O11: =SUM(J11:N11) -> 0 | P11: =G11/F11 -> 390 | Q11: =H11/F11 -> 97.5 | R11: =VLOOKUP(B11,考勤!B:AI,34,0) -> 16 | S11: =(P11*R11)+(Q11*R11)+O11 -> 7800 | T11: =405.52 -> 405.52 | U11: 25.35 | V11: 101.38 | W11: 21.12 | X11: 250 | Y11: 29.9 | Z11: =SUM(T11:Y11) -> 833.27 | AA11: =S11-Z11 -> 6966.73
A12: 9 | B12: 白媛媛 | C12: 开发报建工程师 | D12: PB | E12: 4500 | F12: 16 | G12: =E12*VLOOKUP(D12,职务序列取数!B:E,2,0) -> 3600 | H12: =E12*VLOOKUP(D12,职务序列取数!B:E,3,0) -> 900 | I12: =E12*VLOOKUP(D12,职务序列取数!B:E,4,0) -> 0 | M12: -20 | O12: =SUM(J12:N12) -> -20 | P12: =G12/F12 -> 225 | Q12: =H12/F12 -> 56.25 | R12: =VLOOKUP(B12,考勤!B:AI,34,0) -> 16 | S12: =(P12*R12)+(Q12*R12)+O12 -> 4480 | T12: =405.52 -> 405.52 | U12: 25.35 | V12: 101.38 | W12: 21.12 | X12: 250 | Z12: =SUM(T12:Y12) -> 803.37 | AA12: =S12-Z12 -> 3676.63 | AB12: 未打卡一次
A13: 10 | B13: 温进进 | C13: 土建工程师 | D13: PB | E13: 13500 | F13: 16 | G13: =E13*VLOOKUP(D13,职务序列取数!B:E,2,0) -> 10800 | H13: =E13*VLOOKUP(D13,职务序列取数!B:E,3,0) -> 2700 | I13: =E13*VLOOKUP(D13,职务序列取数!B:E,4,0) -> 0 | O13: =SUM(J13:N13) -> 0 | P13: =G13/F13 -> 675 | Q13: =H13/F13 -> 168.75 | R13: =VLOOKUP(B13,考勤!B:AI,34,0) -> 16 | S13: =(P13*R13)+(Q13*R13)+O13 -> 13500 | T13: =405.52 -> 405.52 | U13: 25.35 | V13: 101.38 | W13: 21.12 | X13: 250 | Y13: 218.9 | Z13: =SUM(T13:Y13) -> 1022.27 | AA13: =S13-Z13 -> 12477.73
A14: 11 | B14: 尹江 | C14: 水暖工程师 | D14: PB | E14: 12000 | F14: 16 | G14: =E14*VLOOKUP(D14,职务序列取数!B:E,2,0) -> 9600 | H14: =E14*VLOOKUP(D14,职务序列取数!B:E,3,0) -> 2400 | M14: -20 | O14: =SUM(J14:N14) -> -20 | P14: =G14/F14 -> 600 | Q14: =H14/F14 -> 150 | R14: =VLOOKUP(B14,考勤!B:AI,34,0) -> 16 | S14: =(P14*R14)+(Q14*R14)+O14 -> 11980 | T14: =405.52 -> 405.52 | U14: 25.35 | V14: 101.38 | W14: 25.35 | X14: 250 | Y14: 21.44 | Z14: =SUM(T14:Y14) -> 829.04 | AA14: =S14-Z14 -> 11150.96 | AB14: 未打卡一次
A15: 12 | B15: 张志慧 | C15: 置业顾问 | D15: PA | E15: 5000 | F15: 27 | G15: 2450 | H15: =E15-G15 -> 2550 | I15: =E15*VLOOKUP(D15,职务序列取数!B:E,4,0) -> 0 | O15: =SUM(J15:N15) -> 0 | P15: =G15/F15 -> 90.740741 | Q15: =H15/F15 -> 94.444444 | R15: =VLOOKUP(B15,考勤!B:AI,34,0) -> 27 | S15: =(P15*R15)+(Q15*R15)+O15 -> 5000 | T15: =405.52 -> 405.52 | U15: 25.35 | V15: 101.38 | W15: 21.12 | X15: 250 | Z15: =SUM(T15:Y15) -> 803.37 | AA15: =S15-Z15 -> 4196.63
A16: 13 | B16: 王荣 | C16: 置业顾问 | D16: PA | E16: 4500 | F16: 27 | G16: 2450 | H16: =E16-G16 -> 2050 | I16: =E16*VLOOKUP(D16,职务序列取数!B:E,4,0) -> 0 | O16: =SUM(J16:N16) -> 0 | P16: =G16/F16 -> 90.740741 | Q16: =H16/F16 -> 75.925926 | R16: =VLOOKUP(B16,考勤!B:AI,34,0) -> 27 | S16: =(P16*R16)+(Q16*R16)+O16 -> 4500 | T16: =405.52 -> 405.52 | U16: 25.35 | V16: 101.38 | W16: 21.12 | X16: 250 | Z16: =SUM(T16:Y16) -> 803.37 | AA16: =S16-Z16 -> 3696.63
A17: 14 | B17: 霍苒 | C17: 置业顾问 | D17: PA | E17: 4500 | F17: 27 | G17: 2450 | H17: =E17-G17 -> 2050 | I17: =E17*VLOOKUP(D17,职务序列取数!B:E,4,0) -> 0 | O17: =SUM(J17:N17) -> 0 | P17: =G17/F17 -> 90.740741 | Q17: =H17/F17 -> 75.925926 | R17: =VLOOKUP(B17,考勤!B:AI,34,0) -> 27 | S17: =(P17*R17)+(Q17*R17)+O17 -> 4500 | T17: =405.52 -> 405.52 | U17: 25.35 | V17: 101.38 | W17: 21.12 | X17: 250 | Z17: =SUM(T17:Y17) -> 803.37 | AA17: =S17-Z17 -> 3696.63
A18: 15 | B18: 闫金秀 | C18: 置业顾问 | D18: PA | I18: =E18*VLOOKUP(D18,职务序列取数!B:E,4,0) -> 0 | O18: =SUM(J18:N18) -> 0 | R18: =VLOOKUP(B18,考勤!B:AI,34,0) -> 0 | S18: =(P18*R18)+(Q18*R18)+O18 -> 0 | Z18: =SUM(T18:Y18) -> 0 | AA18: =S18-Z18 -> 0
A19: 16 | B19: 赵江龙 | C19: 案场销售经理 | D19: PA | E19: 4500 | F19: 27 | G19: 3300 | H19: 1200 | K19: -1200 | M19: 4000 | O19: =SUM(J19:N19) -> 2800 | P19: =G19/F19 -> 122.22222 | Q19: =H19/F19 -> 44.444444 | R19: =VLOOKUP(B19,考勤!B:AI,34,0) -> 27 | S19: =(P19*R19)+(Q19*R19)+O19 -> 7300 | T19: =405.52 -> 405.52 | U19: 25.35 | V19: 101.38 | W19: 21.12 | X19: 250 | Z19: =SUM(T19:Y19) -> 803.37 | AA19: =S19-Z19 -> 6496.63 | AB19: 1月需扣除绩效4741元，已扣除1003元，本月扣除1200元；2月需扣绩效3324元；
A20: 17 | B20: 张新艳 | C20: 置业顾问 | D20: PA | E20: 4500 | F20: 27 | G20: 2450 | H20: =E20-G20 -> 2050 | I20: =E20*VLOOKUP(D20,职务序列取数!B:E,4,0) -> 0 | O20: =SUM(J20:N20) -> 0 | P20: =G20/F20 -> 90.740741 | Q20: =H20/F20 -> 75.925926 | R20: =VLOOKUP(B20,考勤!B:AI,34,0) -> 27 | S20: =(P20*R20)+(Q20*R20)+O20 -> 4500 | T20: =405.52 -> 405.52 | U20: 25.35 | V20: 101.38 | W20: 21.12 | X20: 250 | Z20: =SUM(T20:Y20) -> 803.37 | AA20: =S20-Z20 -> 3696.63
A21: 18 | B21: 王玉慧 | C21: 置业顾问 | D21: PA | I21: =E21*VLOOKUP(D21,职务序列取数!B:E,4,0) -> 0 | O21: =SUM(J21:N21) -> 0 | R21: =VLOOKUP(B21,考勤!B:AI,34,0) -> 0 | S21: =(P21*R21)+(Q21*R21)+O21 -> 0 | Z21: =SUM(T21:Y21) -> 0 | AA21: =S21-Z21 -> 0
B22: 合计 | E22: =SUM(E4:E21) -> 155800 | G22: =SUM(G4:G21) -> 99620 | H22: =SUM(H4:H21) -> 45980 | I22: =SUM(I4:I21) -> 10200 | J22: =SUM(J4:J21) -> 0 | K22: =SUM(K4:K21) -> -6269 | L22: =SUM(L4:L21) -> 0 | M22: =SUM(M4:M21) -> 4960 | N22: =SUM(N4:N21) -> 0 | O22: =SUM(O4:O21) -> -1309 | S22: =SUM(S4:S21) -> 144291 | T22: =SUM(T4:T21) -> 6082.8 | U22: =SUM(U4:U21) -> 380.25 | V22: =SUM(V4:V21) -> 1520.7 | W22: =SUM(W4:W21) -> 321.03 | X22: =SUM(X4:X21) -> 3950 | Y22: =SUM(Y4:Y21) -> 2433.9 | Z22: =SUM(Z4:Z21) -> 14688.68 | AA22: =SUM(AA4:AA21) -> 129602.32
A23: 注： | B23: 本月中层管理人员预留全额工资15%；徐惠蓉、管丽萍、高建梅其他项为法人补助；赵江龙：1月需扣除绩效4741元，已扣除1003元，本月扣除1200元；2月需扣绩效3324元；其他项为补4月基本工资等（4月工资表金额未计算）。
B25: 单位领导： | K25: 分管领导： | R25: 审核： | Z25: 制表：

Sheet 考勤
A1: 2026 | V1: 5 | X1: 月职工考勤表
B2: 单位: | C2: 新疆通力房地产开发有限公司库尔勒二分公司 | AK2: 46175
A3: 序号 | B3: 姓名 | C3: 职务工种 | D3: 出 勤 情 况 | AI3: 实际出勤天数 | AJ3: 公休节日天数 | AK3: 考 勤 天 数 | AZ3: 员工本人 签字
D4: =V1 -> 5 | T4: 月
D5: 1 | E5: 2 | F5: 3 | G5: 4 | H5: 5 | I5: 6 | J5: 7 | K5: 8 | L5: 9 | M5: 10 | N5: 11 | O5: 12 | P5: 13 | Q5: 14 | R5: 15 | S5: 16 | T5: 17 | U5: 18 | V5: 19 | W5: 20 | X5: 21 | Y5: 22 | Z5: 23 | AA5: 24 | AB5: 25 | AC5: 26 | AD5: 27 | AE5: 28 | AF5: 29 | AG5: 30 | AH5: 31 | AK5: 出勤√ | AL5: 出差 | AM5: 公休 | AN5: 病假 | AO5: 事假 | AP5: 旷工 | AQ5: 工伤 | AR5: 培训 | AS5: 冬休 | AT5: 休假 | AU5: 探亲 | AV5: 产假 | AW5: 陪护假 | AX5: 婚丧假 | AY5: 待岗
A6: 1 | B6: =工资表!B4 -> 李全伟 | C6: =工资表!C4 -> 业务支持中心副总经理 | D6: 公休 | E6: 公休 | F6: 公休 | G6: 公休 | H6: 公休 | I6: √ | J6: √ | K6: √ | L6: √ | M6: 公休 | N6: 出差 | O6: 出差 | P6: 出差 | Q6: √ | R6: √ | S6: 公休 | T6: 公休 | U6: √ | V6: √ | W6: √ | X6: √ | Y6: √ | Z6: 公休 | AA6: 公休 | AB6: √ | AC6: √ | AD6: 公休 | AE6: 公休 | AF6: 公休 | AG6: 公休 | AH6: 公休 | AI6: =AK6+AL6+AR6 -> 16 | AJ6: =AM6 -> 15 | AK6: =COUNTIF($D6:$AH6,"√") -> 13 | AL6: =COUNTIF($D6:$AH6,"出差") -> 3 | AM6: =COUNTIF($D6:$AH6,"公休") -> 15 | AN6: =COUNTIF($D6:$AH6,"病假") -> 0 | AO6: =COUNTIF($D6:$AH6,"事假") -> 0 | AP6: =COUNTIF($D6:$AH6,"旷工") -> 0 | AQ6: =COUNTIF($D6:$AH6,"工伤") -> 0 | AR6: =COUNTIF($D6:$AH6,"培训") -> 0 | AS6: =COUNTIF($D6:$AH6,"冬休") -> 0 | AT6: =COUNTIF($D6:$AH6,"休假") -> 0 | AU6: =COUNTIF($D6:$AH6,"探亲") -> 0 | AV6: =COUNTIF($D6:$AH6,"产假") -> 0 | AW6: =COUNTIF($D6:$AH6,"陪护假") -> 0 | AX6: =COUNTIF($D6:$AH6,"婚丧假") -> 0 | AY6: =COUNTIF($D6:$AH6,"待岗") -> 0
A7: 2 | B7: =工资表!B5 -> 杨文杰 | C7: =工资表!C5 -> 工程管理部副经理 | D7: 公休 | E7: 公休 | F7: 公休 | G7: 公休 | H7: 公休 | I7: √ | J7: √ | K7: √ | L7: √ | M7: 公休 | N7: √ | O7: √ | P7: √ | Q7: √ | R7: √ | S7: 公休 | T7: 公休 | U7: √ | V7: √ | W7: √ | X7: √ | Y7: √ | Z7: 公休 | AA7: 公休 | AB7: √ | AC7: √ | AD7: 公休 | AE7: 公休 | AF7: 公休 | AG7: 公休 | AH7: 公休 | AI7: =AK7+AL7+AR7 -> 16 | AJ7: =AM7 -> 15 | AK7: =COUNTIF($D7:$AH7,"√") -> 16 | AL7: =COUNTIF($D7:$AH7,"出差") -> 0 | AM7: =COUNTIF($D7:$AH7,"公休") -> 15 | AN7: =COUNTIF($D7:$AH7,"病假") -> 0 | AO7: =COUNTIF($D7:$AH7,"事假") -> 0 | AP7: =COUNTIF($D7:$AH7,"旷工") -> 0 | AQ7: =COUNTIF($D7:$AH7,"工伤") -> 0 | AR7: =COUNTIF($D7:$AH7,"培训") -> 0 | AS7: =COUNTIF($D7:$AH7,"冬休") -> 0 | AT7: =COUNTIF($D7:$AH7,"休假") -> 0 | AU7: =COUNTIF($D7:$AH7,"探亲") -> 0 | AV7: =COUNTIF($D7:$AH7,"产假") -> 0 | AW7: =COUNTIF($D7:$AH7,"陪护假") -> 0 | AX7: =COUNTIF($D7:$AH7,"婚丧假") -> 0 | AY7: =COUNTIF($D7:$AH7,"待岗") -> 0
A8: 3 | B8: =工资表!B6 -> 徐惠蓉 | C8: =工资表!C6 -> 投资开发部副经理 | D8: 公休 | E8: 公休 | F8: 公休 | G8: 公休 | H8: 公休 | I8: √ | J8: √ | K8: √ | L8: √ | M8: 公休 | N8: √ | O8: √ | P8: √ | Q8: √ | R8: √ | S8: 公休 | T8: 公休 | U8: √ | V8: √ | W8: √ | X8: √ | Y8: √ | Z8: 公休 | AA8: 公休 | AB8: √ | AC8: √ | AD8: 公休 | AE8: 公休 | AF8: 公休 | AG8: 公休 | AH8: 公休 | AI8: =AK8+AL8+AR8 -> 16 | AJ8: =AM8 -> 15 | AK8: =COUNTIF($D8:$AH8,"√") -> 16 | AL8: =COUNTIF($D8:$AH8,"出差") -> 0 | AM8: =COUNTIF($D8:$AH8,"公休") -> 15 | AN8: =COUNTIF($D8:$AH8,"病假") -> 0 | AO8: =COUNTIF($D8:$AH8,"事假") -> 0 | AP8: =COUNTIF($D8:$AH8,"旷工") -> 0 | AQ8: =COUNTIF($D8:$AH8,"工伤") -> 0 | AR8: =COUNTIF($D8:$AH8,"培训") -> 0 | AS8: =COUNTIF($D8:$AH8,"冬休") -> 0 | AT8: =COUNTIF($D8:$AH8,"休假") -> 0 | AU8: =COUNTIF($D8:$AH8,"探亲") -> 0 | AV8: =COUNTIF($D8:$AH8,"产假") -> 0 | AW8: =COUNTIF($D8:$AH8,"陪护假") -> 0 | AX8: =COUNTIF($D8:$AH8,"婚丧假") -> 0 | AY8: =COUNTIF($D8:$AH8,"待岗") -> 0
A9: 4 | B9: =工资表!B7 -> 沈陈瑾慧 | C9: =工资表!C7 -> 会计 | D9: 公休 | E9: 公休 | F9: 公休 | G9: 公休 | H9: 公休 | I9: √ | J9: √ | K9: √ | L9: √ | M9: 公休 | N9: √ | O9: √ | P9: √ | Q9: √ | R9: √ | S9: 公休 | T9: 公休 | U9: √ | V9: √ | W9: √ | X9: √ | Y9: √ | Z9: 公休 | AA9: 公休 | AB9: √ | AC9: √ | AD9: 公休 | AE9: 公休 | AF9: 公休 | AG9: 公休 | AH9: 公休 | AI9: =AK9+AL9+AR9 -> 16 | AJ9: =AM9 -> 15 | AK9: =COUNTIF($D9:$AH9,"√") -> 16 | AL9: =COUNTIF($D9:$AH9,"出差") -> 0 | AM9: =COUNTIF($D9:$AH9,"公休") -> 15 | AN9: =COUNTIF($D9:$AH9,"病假") -> 0 | AO9: =COUNTIF($D9:$AH9,"事假") -> 0 | AP9: =COUNTIF($D9:$AH9,"旷工") -> 0 | AQ9: =COUNTIF($D9:$AH9,"工伤") -> 0 | AR9: =COUNTIF($D9:$AH9,"培训") -> 0 | AS9: =COUNTIF($D9:$AH9,"冬休") -> 0 | AT9: =COUNTIF($D9:$AH9,"休假") -> 0 | AU9: =COUNTIF($D9:$AH9,"探亲") -> 0 | AV9: =COUNTIF($D9:$AH9,"产假") -> 0 | AW9: =COUNTIF($D9:$AH9,"陪护假") -> 0 | AY9: =COUNTIF($D9:$AH9,"待岗") -> 0
A10: 5 | B10: =工资表!B8 -> 管丽萍 | C10: =工资表!C8 -> 人事运营 | D10: 公休 | E10: 公休 | F10: 公休 | G10: 公休 | H10: 公休 | I10: √ | J10: √ | K10: √ | L10: √ | M10: 公休 | N10: √ | O10: √ | P10: √ | Q10: √ | R10: √ | S10: 公休 | T10: 公休 | U10: √ | V10: √ | W10: √ | X10: √ | Y10: √ | Z10: 公休 | AA10: 公休 | AB10: √ | AC10: √ | AD10: 公休 | AE10: 公休 | AF10: 公休 | AG10: 公休 | AH10: 公休 | AI10: =AK10+AL10+AR10 -> 16 | AJ10: =AM10 -> 15 | AK10: =COUNTIF($D10:$AH10,"√") -> 16 | AL10: =COUNTIF($D10:$AH10,"出差") -> 0 | AM10: =COUNTIF($D10:$AH10,"公休") -> 15 | AN10: =COUNTIF($D10:$AH10,"病假") -> 0 | AO10: =COUNTIF($D10:$AH10,"事假") -> 0 | AP10: =COUNTIF($D10:$AH10,"旷工") -> 0 | AQ10: =COUNTIF($D10:$AH10,"工伤") -> 0 | AR10: =COUNTIF($D10:$AH10,"培训") -> 0 | AS10: =COUNTIF($D10:$AH10,"冬休") -> 0 | AT10: =COUNTIF($D10:$AH10,"休假") -> 0 | AU10: =COUNTIF($D10:$AH10,"探亲") -> 0 | AV10: =COUNTIF($D10:$AH10,"产假") -> 0 | AW10: =COUNTIF($D10:$AH10,"陪护假") -> 0 | AX10: =COUNTIF($D10:$AH10,"婚丧假") -> 0 | AY10: =COUNTIF($D10:$AH10,"待岗") -> 0
A11: 6 | B11: =工资表!B9 -> 刘科 | C11: =工资表!C9 -> 招采工程师 | D11: 公休 | E11: 公休 | F11: 公休 | G11: 公休 | H11: 公休 | I11: √ | J11: √ | K11: √ | L11: √ | M11: 公休 | N11: √ | O11: √ | P11: √ | Q11: √ | R11: √ | S11: 公休 | T11: 公休 | U11: √ | V11: √ | W11: √ | X11: √ | Y11: √ | Z11: 公休 | AA11: 公休 | AB11: √ | AC11: √ | AD11: 公休 | AE11: 公休 | AF11: 公休 | AG11: 公休 | AH11: 公休 | AI11: =AK11+AL11+AR11 -> 16 | AJ11: =AM11 -> 15 | AK11: =COUNTIF($D11:$AH11,"√") -> 16 | AL11: =COUNTIF($D11:$AH11,"出差") -> 0 | AM11: =COUNTIF($D11:$AH11,"公休") -> 15 | AN11: =COUNTIF($D11:$AH11,"病假") -> 0 | AO11: =COUNTIF($D11:$AH11,"事假") -> 0 | AP11: =COUNTIF($D11:$AH11,"旷工") -> 0 | AQ11: =COUNTIF($D11:$AH11,"工伤") -> 0 | AR11: =COUNTIF($D11:$AH11,"培训") -> 0 | AS11: =COUNTIF($D11:$AH11,"冬休") -> 0 | AT11: =COUNTIF($D11:$AH11,"休假") -> 0 | AU11: =COUNTIF($D11:$AH11,"探亲") -> 0 | AV11: =COUNTIF($D11:$AH11,"产假") -> 0 | AW11: =COUNTIF($D11:$AH11,"陪护假") -> 0 | AX11: =COUNTIF($D11:$AH11,"婚丧假") -> 0 | AY11: =COUNTIF($D11:$AH11,"待岗") -> 0
A12: 7 | B12: =工资表!B10 -> 高建梅 | C12: =工资表!C10 -> 出纳 | D12: 公休 | E12: 公休 | F12: 公休 | G12: 公休 | H12: 公休 | I12: √ | J12: √ | K12: √ | L12: √ | M12: 公休 | N12: √ | O12: √ | P12: √ | Q12: √ | R12: √ | S12: 公休 | T12: 公休 | U12: √ | V12: √ | W12: √ | X12: √ | Y12: √ | Z12: 公休 | AA12: 公休 | AB12: √ | AC12: √ | AD12: 公休 | AE12: 公休 | AF12: 公休 | AG12: 公休 | AH12: 公休 | AI12: =AK12+AL12+AR12 -> 16 | AJ12: =AM12 -> 15 | AK12: =COUNTIF($D12:$AH12,"√") -> 16 | AL12: =COUNTIF($D12:$AH12,"出差") -> 0 | AM12: =COUNTIF($D12:$AH12,"公休") -> 15 | AN12: =COUNTIF($D12:$AH12,"病假") -> 0 | AO12: =COUNTIF($D12:$AH12,"事假") -> 0 | AP12: =COUNTIF($D12:$AH12,"旷工") -> 0 | AQ12: =COUNTIF($D12:$AH12,"工伤") -> 0 | AR12: =COUNTIF($D12:$AH12,"培训") -> 0 | AS12: =COUNTIF($D12:$AH12,"冬休") -> 0 | AT12: =COUNTIF($D12:$AH12,"休假") -> 0 | AU12: =COUNTIF($D12:$AH12,"探亲") -> 0 | AV12: =COUNTIF($D12:$AH12,"产假") -> 0 | AW12: =COUNTIF($D12:$AH12,"陪护假") -> 0 | AX12: =COUNTIF($D12:$AH12,"婚丧假") -> 0 | AY12: =COUNTIF($D12:$AH12,"待岗") -> 0
A13: 8 | B13: =工资表!B11 -> 周佳奇 | C13: =工资表!C11 -> 造价工程师 | D13: 公休 | E13: 公休 | F13: 公休 | G13: 公休 | H13: 公休 | I13: √ | J13: √ | K13: √ | L13: √ | M13: 公休 | N13: √ | O13: √ | P13: √ | Q13: √ | R13: √ | S13: 公休 | T13: 公休 | U13: √ | V13: √ | W13: √ | X13: √ | Y13: √ | Z13: 公休 | AA13: 公休 | AB13: √ | AC13: √ | AD13: 公休 | AE13: 公休 | AF13: 公休 | AG13: 公休 | AH13: 公休 | AI13: =AK13+AL13+AR13 -> 16 | AJ13: =AM13 -> 15 | AK13: =COUNTIF($D13:$AH13,"√") -> 16 | AL13: =COUNTIF($D13:$AH13,"出差") -> 0 | AM13: =COUNTIF($D13:$AH13,"公休") -> 15 | AN13: =COUNTIF($D13:$AH13,"病假") -> 0 | AO13: =COUNTIF($D13:$AH13,"事假") -> 0 | AP13: =COUNTIF($D13:$AH13,"旷工") -> 0 | AQ13: =COUNTIF($D13:$AH13,"工伤") -> 0 | AR13: =COUNTIF($D13:$AH13,"培训") -> 0 | AS13: =COUNTIF($D13:$AH13,"冬休") -> 0 | AT13: =COUNTIF($D13:$AH13,"休假") -> 0 | AU13: =COUNTIF($D13:$AH13,"探亲") -> 0 | AV13: =COUNTIF($D13:$AH13,"产假") -> 0 | AW13: =COUNTIF($D13:$AH13,"陪护假") -> 0 | AX13: =COUNTIF($D13:$AH13,"婚丧假") -> 0 | AY13: =COUNTIF($D13:$AH13,"待岗") -> 0
A14: 9 | B14: =工资表!B12 -> 白媛媛 | C14: =工资表!C12 -> 开发报建工程师 | D14: 公休 | E14: 公休 | F14: 公休 | G14: 公休 | H14: 公休 | I14: √ | J14: √ | K14: √ | L14: √ | M14: 公休 | N14: √ | O14: √ | P14: √ | Q14: √ | R14: √ | S14: 公休 | T14: 公休 | U14: √ | V14: √ | W14: √ | X14: √ | Y14: √ | Z14: 公休 | AA14: 公休 | AB14: √ | AC14: √ | AD14: 公休 | AE14: 公休 | AF14: 公休 | AG14: 公休 | AH14: 公休 | AI14: =AK14+AL14+AR14 -> 16 | AJ14: =AM14 -> 15 | AK14: =COUNTIF($D14:$AH14,"√") -> 16 | AL14: =COUNTIF($D14:$AH14,"出差") -> 0 | AM14: =COUNTIF($D14:$AH14,"公休") -> 15 | AN14: =COUNTIF($D14:$AH14,"病假") -> 0 | AO14: =COUNTIF($D14:$AH14,"事假") -> 0 | AP14: =COUNTIF($D14:$AH14,"旷工") -> 0 | AQ14: =COUNTIF($D14:$AH14,"工伤") -> 0 | AR14: =COUNTIF($D14:$AH14,"培训") -> 0 | AS14: =COUNTIF($D14:$AH14,"冬休") -> 0 | AT14: =COUNTIF($D14:$AH14,"休假") -> 0 | AU14: =COUNTIF($D14:$AH14,"探亲") -> 0 | AV14: =COUNTIF($D14:$AH14,"产假") -> 0 | AW14: =COUNTIF($D14:$AH14,"陪护假") -> 0 | AX14: =COUNTIF($D14:$AH14,"婚丧假") -> 0 | AY14: =COUNTIF($D14:$AH14,"待岗") -> 0
A15: 10 | B15: =工资表!B13 -> 温进进 | C15: =工资表!C13 -> 土建工程师 | D15: 公休 | E15: 公休 | F15: 公休 | G15: 公休 | H15: 公休 | I15: √ | J15: √ | K15: √ | L15: √ | M15: 公休 | N15: √ | O15: √ | P15: √ | Q15: √ | R15: √ | S15: 公休 | T15: 公休 | U15: √ | V15: √ | W15: √ | X15: √ | Y15: √ | Z15: 公休 | AA15: 公休 | AB15: √ | AC15: √ | AD15: 公休 | AE15: 公休 | AF15: 公休 | AG15: 公休 | AH15: 公休 | AI15: =AK15+AL15+AR15 -> 16 | AJ15: =AM15 -> 15 | AK15: =COUNTIF($D15:$AH15,"√") -> 16 | AL15: =COUNTIF($D15:$AH15,"出差") -> 0 | AM15: =COUNTIF($D15:$AH15,"公休") -> 15 | AN15: =COUNTIF($D15:$AH15,"病假") -> 0 | AO15: =COUNTIF($D15:$AH15,"事假") -> 0 | AP15: =COUNTIF($D15:$AH15,"旷工") -> 0 | AQ15: =COUNTIF($D15:$AH15,"工伤") -> 0 | AR15: =COUNTIF($D15:$AH15,"培训") -> 0 | AS15: =COUNTIF($D15:$AH15,"冬休") -> 0 | AT15: =COUNTIF($D15:$AH15,"休假") -> 0 | AU15: =COUNTIF($D15:$AH15,"探亲") -> 0 | AV15: =COUNTIF($D15:$AH15,"产假") -> 0 | AW15: =COUNTIF($D15:$AH15,"陪护假") -> 0 | AX15: =COUNTIF($D15:$AH15,"婚丧假") -> 0 | AY15: =COUNTIF($D15:$AH15,"待岗") -> 0
A16: 11 | B16: =工资表!B14 -> 尹江 | C16: =工资表!C14 -> 水暖工程师 | D16: 公休 | E16: 公休 | F16: 公休 | G16: 公休 | H16: 公休 | I16: √ | J16: √ | K16: √ | L16: √ | M16: 公休 | N16: √ | O16: √ | P16: √ | Q16: √ | R16: √ | S16: 公休 | T16: 公休 | U16: √ | V16: √ | W16: √ | X16: √ | Y16: √ | Z16: 公休 | AA16: 公休 | AB16: √ | AC16: √ | AD16: 公休 | AE16: 公休 | AF16: 公休 | AG16: 公休 | AH16: 公休 | AI16: =AK16+AL16+AR16 -> 16 | AJ16: =AM16 -> 15 | AK16: =COUNTIF($D16:$AH16,"√") -> 16 | AL16: =COUNTIF($D16:$AH16,"出差") -> 0 | AM16: =COUNTIF($D16:$AH16,"公休") -> 15
A17: 12 | B17: =工资表!B15 -> 张志慧 | C17: =工资表!C15 -> 置业顾问 | D17: √ | E17: √ | F17: 公休 | G17: √ | H17: √ | I17: √ | J17: √ | K17: √ | L17: √ | M17: 公休 | N17: √ | O17: √ | P17: √ | Q17: √ | R17: √ | S17: √ | T17: 公休 | U17: √ | V17: √ | W17: √ | X17: √ | Y17: √ | Z17: √ | AA17: 公休 | AB17: √ | AC17: √ | AD17: √ | AE17: √ | AF17: √ | AG17: √ | AH17: √ | AI17: =AK17+AL17+AR17 -> 27 | AJ17: =AM17 -> 4 | AK17: =COUNTIF($D17:$AH17,"√") -> 27 | AL17: =COUNTIF($D17:$AH17,"出差") -> 0 | AM17: =COUNTIF($D17:$AH17,"公休") -> 4 | AN17: =COUNTIF($D17:$AH17,"病假") -> 0 | AO17: =COUNTIF($D17:$AH17,"事假") -> 0 | AP17: =COUNTIF($D17:$AH17,"旷工") -> 0 | AQ17: =COUNTIF($D17:$AH17,"工伤") -> 0 | AR17: =COUNTIF($D17:$AH17,"培训") -> 0 | AS17: =COUNTIF($D17:$AH17,"冬休") -> 0 | AT17: =COUNTIF($D17:$AH17,"休假") -> 0 | AU17: =COUNTIF($D17:$AH17,"探亲") -> 0 | AV17: =COUNTIF($D17:$AH17,"产假") -> 0 | AW17: =COUNTIF($D17:$AH17,"陪护假") -> 0 | AX17: =COUNTIF($D17:$AH17,"婚丧假") -> 0 | AY17: =COUNTIF($D17:$AH17,"待岗") -> 0
A18: 13 | B18: =工资表!B16 -> 王荣 | C18: =工资表!C16 -> 置业顾问 | D18: √ | E18: √ | F18: 公休 | G18: √ | H18: √ | I18: √ | J18: √ | K18: √ | L18: √ | M18: √ | N18: √ | O18: √ | P18: √ | Q18: √ | R18: 公休 | S18: √ | T18: √ | U18: √ | V18: √ | W18: 公休 | X18: √ | Y18: √ | Z18: √ | AA18: √ | AB18: 公休 | AC18: √ | AD18: √ | AE18: √ | AF18: √ | AG18: √ | AH18: √ | AI18: =AK18+AL18+AR18 -> 27 | AJ18: =AM18 -> 4 | AK18: =COUNTIF($D18:$AH18,"√") -> 27 | AL18: =COUNTIF($D18:$AH18,"出差") -> 0 | AM18: =COUNTIF($D18:$AH18,"公休") -> 4 | AN18: =COUNTIF($D18:$AH18,"病假") -> 0 | AO18: =COUNTIF($D18:$AH18,"事假") -> 0 | AP18: =COUNTIF($D18:$AH18,"旷工") -> 0 | AQ18: =COUNTIF($D18:$AH18,"工伤") -> 0 | AR18: =COUNTIF($D18:$AH18,"培训") -> 0 | AS18: =COUNTIF($D18:$AH18,"冬休") -> 0 | AT18: =COUNTIF($D18:$AH18,"休假") -> 0 | AU18: =COUNTIF($D18:$AH18,"探亲") -> 0 | AV18: =COUNTIF($D18:$AH18,"产假") -> 0 | AW18: =COUNTIF($D18:$AH18,"陪护假") -> 0 | AX18: =COUNTIF($D18:$AH18,"婚丧假") -> 0 | AY18: =COUNTIF($D18:$AH18,"待岗") -> 0
A19: 14 | B19: =工资表!B17 -> 霍苒 | C19: =工资表!C17 -> 置业顾问 | D19: √ | E19: √ | F19: √ | G19: √ | H19: √ | I19: 公休 | J19: √ | K19: √ | L19: √ | M19: √ | N19: √ | O19: √ | P19: √ | Q19: √ | R19: 公休 | S19: √ | T19: √ | U19: √ | V19: 公休 | W19: √ | X19: √ | Y19: 公休 | Z19: √ | AA19: √ | AB19: √ | AC19: √ | AD19: √ | AE19: √ | AF19: √ | AG19: √ | AH19: √ | AI19: =AK19+AL19+AR19 -> 27 | AJ19: =AM19 -> 4 | AK19: =COUNTIF($D19:$AH19,"√") -> 27 | AL19: =COUNTIF($D19:$AH19,"出差") -> 0 | AM19: =COUNTIF($D19:$AH19,"公休") -> 4 | AN19: =COUNTIF($D19:$AH19,"病假") -> 0 | AO19: =COUNTIF($D19:$AH19,"事假") -> 0 | AP19: =COUNTIF($D19:$AH19,"旷工") -> 0 | AQ19: =COUNTIF($D19:$AH19,"工伤") -> 0 | AR19: =COUNTIF($D19:$AH19,"培训") -> 0 | AS19: =COUNTIF($D19:$AH19,"冬休") -> 0 | AT19: =COUNTIF($D19:$AH19,"休假") -> 0 | AU19: =COUNTIF($D19:$AH19,"探亲") -> 0 | AV19: =COUNTIF($D19:$AH19,"产假") -> 0 | AW19: =COUNTIF($D19:$AH19,"陪护假") -> 0 | AX19: =COUNTIF($D19:$AH19,"婚丧假") -> 0 | AY19: =COUNTIF($D19:$AH19,"待岗") -> 0
A20: 15 | B20: =工资表!B18 -> 闫金秀 | C20: =工资表!C18 -> 置业顾问 | AI20: =AK20+AL20+AR20 -> 0 | AJ20: =AM20 -> 0 | AK20: =COUNTIF($D20:$AH20,"√") -> 0 | AL20: =COUNTIF($D20:$AH20,"出差") -> 0 | AM20: =COUNTIF($D20:$AH20,"公休") -> 0 | AN20: =COUNTIF($D20:$AH20,"病假") -> 0 | AO20: =COUNTIF($D20:$AH20,"事假") -> 0 | AP20: =COUNTIF($D20:$AH20,"旷工") -> 0 | AQ20: =COUNTIF($D20:$AH20,"工伤") -> 0 | AR20: =COUNTIF($D20:$AH20,"培训") -> 0 | AS20: =COUNTIF($D20:$AH20,"冬休") -> 0 | AT20: =COUNTIF($D20:$AH20,"休假") -> 0 | AU20: =COUNTIF($D20:$AH20,"探亲") -> 0 | AV20: =COUNTIF($D20:$AH20,"产假") -> 0 | AW20: =COUNTIF($D20:$AH20,"陪护假") -> 0 | AX20: =COUNTIF($D20:$AH20,"婚丧假") -> 0 | AY20: =COUNTIF($D20:$AH20,"待岗") -> 0
A21: 16 | B21: =工资表!B19 -> 赵江龙 | C21: =工资表!C19 -> 案场销售经理 | D21: √ | E21: √ | F21: √ | G21: √ | H21: √ | I21: √ | J21: √ | K21: 公休 | L21: √ | M21: √ | N21: √ | O21: √ | P21: 公休 | Q21: √ | R21: √ | S21: √ | T21: √ | U21: √ | V21: √ | W21: 公休 | X21: √ | Y21: √ | Z21: √ | AA21: 公休 | AB21: √ | AC21: √ | AD21: √ | AE21: √ | AF21: √ | AG21: √ | AH21: √ | AI21: =AK21+AL21+AR21 -> 27 | AJ21: =AM21 -> 4 | AK21: =COUNTIF($D21:$AH21,"√") -> 27 | AL21: =COUNTIF($D21:$AH21,"出差") -> 0 | AM21: =COUNTIF($D21:$AH21,"公休") -> 4 | AN21: =COUNTIF($D21:$AH21,"病假") -> 0 | AO21: =COUNTIF($D21:$AH21,"事假") -> 0 | AP21: =COUNTIF($D21:$AH21,"旷工") -> 0 | AQ21: =COUNTIF($D21:$AH21,"工伤") -> 0 | AR21: =COUNTIF($D21:$AH21,"培训") -> 0 | AS21: =COUNTIF($D21:$AH21,"冬休") -> 0 | AT21: =COUNTIF($D21:$AH21,"休假") -> 0 | AU21: =COUNTIF($D21:$AH21,"探亲") -> 0 | AV21: =COUNTIF($D21:$AH21,"产假") -> 0 | AW21: =COUNTIF($D21:$AH21,"陪护假") -> 0 | AX21: =COUNTIF($D21:$AH21,"婚丧假") -> 0 | AY21: =COUNTIF($D21:$AH21,"待岗") -> 0
A22: 17 | B22: =工资表!B20 -> 张新艳 | C22: =工资表!C20 -> 置业顾问 | D22: √ | E22: 公休 | F22: √ | G22: √ | H22: √ | I22: √ | J22: √ | K22: √ | L22: 公休 | M22: √ | N22: √ | O22: √ | P22: √ | Q22: √ | R22: √ | S22: 公休 | T22: √ | U22: √ | V22: √ | W22: √ | X22: √ | Y22: √ | Z22: 公休 | AA22: √ | AB22: √ | AC22: √ | AD22: √ | AE22: √ | AF22: √ | AG22: √ | AH22: √ | AI22: =AK22+AL22+AR22 -> 27 | AJ22: =AM22 -> 4 | AK22: =COUNTIF($D22:$AH22,"√") -> 27 | AL22: =COUNTIF($D22:$AH22,"出差") -> 0 | AM22: =COUNTIF($D22:$AH22,"公休") -> 4 | AN22: =COUNTIF($D22:$AH22,"病假") -> 0 | AO22: =COUNTIF($D22:$AH22,"事假") -> 0 | AP22: =COUNTIF($D22:$AH22,"旷工") -> 0 | AQ22: =COUNTIF($D22:$AH22,"工伤") -> 0 | AR22: =COUNTIF($D22:$AH22,"培训") -> 0 | AS22: =COUNTIF($D22:$AH22,"冬休") -> 0 | AT22: =COUNTIF($D22:$AH22,"休假") -> 0 | AU22: =COUNTIF($D22:$AH22,"探亲") -> 0 | AV22: =COUNTIF($D22:$AH22,"产假") -> 0 | AW22: =COUNTIF($D22:$AH22,"陪护假") -> 0 | AX22: =COUNTIF($D22:$AH22,"婚丧假") -> 0 | AY22: =COUNTIF($D22:$AH22,"待岗") -> 0
A23: 18 | B23: =工资表!B21 -> 王玉慧 | C23: =工资表!C21 -> 置业顾问 | AI23: =AK23+AL23+AR23 -> 0 | AJ23: =AM23 -> 0 | AK23: =COUNTIF($D23:$AH23,"√") -> 0 | AL23: =COUNTIF($D23:$AH23,"出差") -> 0 | AM23: =COUNTIF($D23:$AH23,"公休") -> 0 | AN23: =COUNTIF($D23:$AH23,"病假") -> 0 | AO23: =COUNTIF($D23:$AH23,"事假") -> 0 | AP23: =COUNTIF($D23:$AH23,"旷工") -> 0 | AQ23: =COUNTIF($D23:$AH23,"工伤") -> 0 | AR23: =COUNTIF($D23:$AH23,"培训") -> 0 | AS23: =COUNTIF($D23:$AH23,"冬休") -> 0 | AT23: =COUNTIF($D23:$AH23,"休假") -> 0 | AU23: =COUNTIF($D23:$AH23,"探亲") -> 0 | AV23: =COUNTIF($D23:$AH23,"产假") -> 0 | AW23: =COUNTIF($D23:$AH23,"陪护假") -> 0 | AX23: =COUNTIF($D23:$AH23,"婚丧假") -> 0 | AY23: =COUNTIF($D23:$AH23,"待岗") -> 0
B25: 注：
E26: 单位领导： | V26: 审核： | AI26: 制表：

Sheet 校验
A2: 序号 | B2: 姓名 | C2: 实际出勤天数 | D2: 月工资标准 | E2: 月度应发 | F2: 差额
A3: 1 | B3: =工资表!B4 -> 李全伟 | C3: =工资表!R4 -> 16 | D3: =(VLOOKUP(B3,工资表!B4:G13,6,0)+VLOOKUP(B3,工资表!B4:H13,7,0))/工资表!F4*VLOOKUP(B3,考勤!B6:AI15,34,0) -> 25500 | E3: =VLOOKUP(B3,工资表!B4:S13,18,0) -> 20431 | F3: =D3-E3 -> 5069
A4: 2 | B4: =工资表!B5 -> 杨文杰 | C4: =工资表!R5 -> 16 | D4: =(VLOOKUP(B4,工资表!B5:G14,6,0)+VLOOKUP(B4,工资表!B5:H14,7,0))/工资表!F5*VLOOKUP(B4,考勤!B7:AI16,34,0) -> 17000 | E4: =VLOOKUP(B4,工资表!B5:S14,18,0) -> 16980 | F4: =D4-E4 -> 20 | G4: 扣款
A5: 3 | B5: =工资表!#REF! -> #REF! | C5: =工资表!#REF! -> #REF! | D5: =(VLOOKUP(B5,工资表!B6:G14,6,0)+VLOOKUP(B5,工资表!B6:H14,7,0))/工资表!#REF!*VLOOKUP(B5,考勤!B8:AI16,34,0) -> #REF! | E5: =VLOOKUP(B5,工资表!B6:S14,18,0) -> #REF! | F5: =D5-E5 -> #REF!
A6: 4 | B6: =工资表!B6 -> 徐惠蓉 | C6: =工资表!R6 -> 16 | D6: =(VLOOKUP(B6,工资表!B6:G14,6,0)+VLOOKUP(B6,工资表!B6:H14,7,0))/工资表!F6*VLOOKUP(B6,考勤!B8:AI16,34,0) -> 15300 | E6: =VLOOKUP(B6,工资表!B6:S14,18,0) -> 15560 | F6: =D6-E6 -> -260 | G6: 补贴
A7: 5 | B7: =工资表!B7 -> 沈陈瑾慧 | C7: =工资表!R7 -> 16 | D7: =(VLOOKUP(B7,工资表!B7:G15,6,0)+VLOOKUP(B7,工资表!B7:H15,7,0))/工资表!F7*VLOOKUP(B7,考勤!B9:AI17,34,0) -> 7000 | E7: =VLOOKUP(B7,工资表!B7:S15,18,0) -> 7000 | F7: =D7-E7 -> 0 | G7: 扣款
A8: 6 | B8: =工资表!B8 -> 管丽萍 | C8: =工资表!R8 -> 16 | D8: =(VLOOKUP(B8,工资表!B8:G16,6,0)+VLOOKUP(B8,工资表!B8:H16,7,0))/工资表!F8*VLOOKUP(B8,考勤!B10:AI18,34,0) -> 6000 | E8: =VLOOKUP(B8,工资表!B8:S16,18,0) -> 6700 | F8: =D8-E8 -> -700 | G8: 补贴
A9: 7 | B9: =工资表!B9 -> 刘科 | C9: =工资表!R9 -> 16 | D9: =(VLOOKUP(B9,工资表!B9:G17,6,0)+VLOOKUP(B9,工资表!B9:H17,7,0))/工资表!F9*VLOOKUP(B9,考勤!B11:AI19,34,0) -> 7500 | E9: =VLOOKUP(B9,工资表!B9:S17,18,0) -> 7460 | F9: =D9-E9 -> 40
A10: 8 | B10: =工资表!B10 -> 高建梅 | C10: =工资表!R10 -> 16 | D10: =(VLOOKUP(B10,工资表!B10:G18,6,0)+VLOOKUP(B10,工资表!B10:H18,7,0))/工资表!F10*VLOOKUP(B10,考勤!B12:AI20,34,0) -> 6500 | E10: =VLOOKUP(B10,工资表!B10:S18,18,0) -> 6600 | F10: =D10-E10 -> -100 | G10: 补贴
A11: 9 | B11: =工资表!B11 -> 周佳奇 | C11: =工资表!R11 -> 16 | D11: =(VLOOKUP(B11,工资表!B11:G18,6,0)+VLOOKUP(B11,工资表!B11:H18,7,0))/工资表!F11*VLOOKUP(B11,考勤!B13:AI20,34,0) -> 7800 | E11: =VLOOKUP(B11,工资表!B11:S18,18,0) -> 7800 | F11: =D11-E11 -> 0
A12: 10 | B12: =工资表!B12 -> 白媛媛 | C12: =工资表!R12 -> 16 | D12: =(VLOOKUP(B12,工资表!B12:G19,6,0)+VLOOKUP(B12,工资表!B12:H19,7,0))/工资表!F12*VLOOKUP(B12,考勤!B14:AI21,34,0) -> 4500 | E12: =VLOOKUP(B12,工资表!B12:S19,18,0) -> 4480 | F12: =D12-E12 -> 20 | G12: 办证费
A13: 11 | B13: =工资表!B13 -> 温进进 | C13: =工资表!R13 -> 16 | D13: =(VLOOKUP(B13,工资表!B13:G20,6,0)+VLOOKUP(B13,工资表!B13:H20,7,0))/工资表!F13*VLOOKUP(B13,考勤!B15:AI22,34,0) -> 13500 | E13: =VLOOKUP(B13,工资表!B13:S20,18,0) -> 13500 | F13: =D13-E13 -> 0
A14: 12 | B14: =工资表!B14 -> 尹江 | C14: =工资表!R14 -> 16 | D14: =(VLOOKUP(B14,工资表!B14:G20,6,0)+VLOOKUP(B14,工资表!B14:H20,7,0))/工资表!F14*VLOOKUP(B14,考勤!B16:AI22,34,0) -> 12000 | E14: =VLOOKUP(B14,工资表!B14:S20,18,0) -> 11980 | F14: =D14-E14 -> 20
A15: 13 | B15: =工资表!#REF! -> #REF! | C15: =工资表!#REF! -> #REF! | D15: =(VLOOKUP(B15,工资表!B15:G20,6,0)+VLOOKUP(B15,工资表!B15:H20,7,0))/工资表!#REF!*VLOOKUP(B15,考勤!B17:AI22,34,0) -> #REF! | E15: =VLOOKUP(B15,工资表!B15:S20,18,0) -> #REF! | F15: =D15-E15 -> #REF!
A16: 14 | B16: =工资表!B15 -> 张志慧 | C16: =工资表!R15 -> 27 | D16: =(VLOOKUP(B16,工资表!B15:G20,6,0)+VLOOKUP(B16,工资表!B15:H20,7,0))/工资表!F15*VLOOKUP(B16,考勤!B17:AI22,34,0) -> 5000 | E16: =VLOOKUP(B16,工资表!B15:S20,18,0) -> 5000 | F16: =D16-E16 -> 0
A17: 15 | B17: =工资表!B16 -> 王荣 | C17: =工资表!R16 -> 27 | D17: =(VLOOKUP(B17,工资表!B16:G20,6,0)+VLOOKUP(B17,工资表!B16:H20,7,0))/工资表!F16*VLOOKUP(B17,考勤!B18:AI22,34,0) -> 4500 | E17: =VLOOKUP(B17,工资表!B16:S20,18,0) -> 4500 | F17: =D17-E17 -> 0 | G17: 佣金
A18: 16 | B18: =工资表!B17 -> 霍苒 | C18: =工资表!R17 -> 27 | D18: =(VLOOKUP(B18,工资表!B17:G20,6,0)+VLOOKUP(B18,工资表!B17:H20,7,0))/工资表!F17*VLOOKUP(B18,考勤!B19:AI22,34,0) -> 4500 | E18: =VLOOKUP(B18,工资表!B17:S20,18,0) -> 4500 | F18: =D18-E18 -> 0 | G18: 佣金
A19: 17 | B19: =工资表!B18 -> 闫金秀 | C19: =工资表!R18 -> 0 | D19: =(VLOOKUP(B19,工资表!B18:G20,6,0)+VLOOKUP(B19,工资表!B18:H20,7,0))/工资表!F18*VLOOKUP(B19,考勤!B20:AI22,34,0) -> #DIV/0! | E19: =VLOOKUP(B19,工资表!B18:S20,18,0) -> 0 | F19: =D19-E19 -> #DIV/0! | G19: 佣金
A20: 18 | B20: =工资表!B19 -> 赵江龙 | C20: =工资表!R19 -> 27 | D20: =(VLOOKUP(B20,工资表!B19:G21,6,0)+VLOOKUP(B20,工资表!B19:H21,7,0))/工资表!F19*VLOOKUP(B20,考勤!B21:AI23,34,0) -> 4500 | E20: =VLOOKUP(B20,工资表!B19:S21,18,0) -> 7300 | F20: =D20-E20 -> -2800 | G20: 佣金
A21: 19 | B21: =工资表!B20 -> 张新艳 | C21: =工资表!R20 -> 27 | D21: =(VLOOKUP(B21,工资表!B20:G22,6,0)+VLOOKUP(B21,工资表!B20:H22,7,0))/工资表!F20*VLOOKUP(B21,考勤!B22:AI24,34,0) -> 4500 | E21: =VLOOKUP(B21,工资表!B20:S22,18,0) -> 4500 | F21: =D21-E21 -> 0 | G21: 佣金
A22: 20 | B22: =工资表!B21 -> 王玉慧 | C22: =工资表!R21 -> 0 | D22: 0 | E22: =VLOOKUP(B22,工资表!B21:S31,18,0) -> 0 | F22: =D22-E22 -> 0 | G22: 佣金
D26: =(VLOOKUP(B22,工资表!B22:G50,6,0)+VLOOKUP(B22,工资表!B22:H50,7,0))/工资表!F22*VLOOKUP(B22,考勤!B24:AI53,34,0) -> #N/A | E26: =VLOOKUP(B22,工资表!B22:S50,17,0) -> #N/A

Sheet 职务序列取数
B2: 职务序列 | C2: 月度基本工资比例 | D2: 月度绩效奖金比例 | E2: 年度奖金比例
B3: A1 | C3: 1 | D3: 0 | E3: 0
B4: A2 | C4: 0.375 | D4: 0.375 | E4: 0.25
B5: A3 | C5: 0.375 | D5: 0.375 | E5: 0.25
B6: A4 | C6: 0.375 | D6: 0.375 | E6: 0.25
B7: A5 | C7: 0.375 | D7: 0.375 | E7: 0.25
B8: M1 | C8: 0.51 | D8: 0.34 | E8: 0.15
B9: M2 | C9: 0.51 | D9: 0.34 | E9: 0.15
B10: M3 | C10: 0.51 | D10: 0.34 | E10: 0.15
B11: PM | C11: 0.7 | D11: 0.3 | E11: 0
B12: PB | C12: 0.8 | D12: 0.2 | E12: 0
B13: PA
